 Dungeon Crawl Stone Soup version 0.27-a0-1144-g0b7d3b79db (webtiles) character file.

Game seed: 3884259187263751038

28 siradein the Poker (level 3, 27/27 HPs)
             Began as a Demonspawn Gladiator on May 11, 2021.
             Quit the game on level 1 of the Dungeon.
             The game lasted 00:02:00 (785 turns).

siradein the Poker (Demonspawn Gladiator)            Turns: 785, Time: 00:02:01

Health: 27/27      AC:  4    Str: 15    XL:     3   Next: 0%
Magic:  3/3        EV: 12    Int:  9    God:
Gold:   43         SH:  0    Dex: 14    Spells: 2/2 levels left

rFire    . . .     SeeInvis .   a - +0 trident
rCold    . . .     Faith    .   (no shield)
rNeg     . . .     Spirit   .   b - +0 leather armour
rPois    .         Reflect  .   c - +0 helmet
rElec    .         Harm     .   (no cloak)
rCorr    .         Rampage  .   (no gloves)
Will     .....                  (no boots)
Stlth    +.........             (no amulet)
HPRegen  1.09/turn              (no ring)
MPRegen  0.08/turn              (no ring)

@: no status effects
A: talons 1, powered by death 1
a: no special abilities


You were on level 1 of the Dungeon.
You visited 1 branch of the dungeon, and saw 1 of its levels.

You collected 43 gold pieces.

Inventory:

Hand Weapons
 a - a +0 trident (weapon)
Missiles
 d - 3 throwing nets (quivered)
Armour
 b - a +0 leather armour (worn)
 c - a +0 helmet (worn)
Jewellery
 j - a ring of magical power
Scrolls
 e - 2 scrolls of holy word {unknown}
 f - 2 scrolls of identify {unknown}
 g - a scroll of teleportation {unknown}
 h - a scroll of amnesia {unknown}
 i - a scroll of blinking {unknown}


   Skills:
 - Level 2.0 Fighting
 + Level 3.8 Polearms
 - Level 1.7 Throwing
 - Level 2.6 Dodging


You had 2 spell levels left.
You didn't know any spells.
Your spell library was empty.

Dungeon Overview and Level Annotations

Branches:
Dungeon (1/15)

Altars:


Innate Abilities, Weirdness & Mutations

You have sharp toenails.
You regenerate a little health from kills.


Message History

You hit the ball python but do no damage.
The ball python closely misses you. x2; The ball python barely misses you.
The ball python grabs you. The ball python constricts you.
You barely miss the ball python.
The ball python bites you but does no damage.
The ball python constricts you.
You puncture the ball python!
You kill the ball python!
No target in view!
No target in view!
You see here a ball python corpse.
You see here a +4 dagger of venom.
A giant cockroach comes into view.
You reach to attack!
You hit the giant cockroach.
You kill the giant cockroach!
No target in view!
No target in view!
You now have 43 gold pieces (gained 8).
You see here 26 stones.
There is an open door here.
A rat is nearby!
A rat is nearby!
A rat is nearby!
A rat is nearby!
You hit the rat.
You kill the rat!
You have reached level 3!
Your experience leads to an increase in your attributes!
Increase (S)trength, (I)ntelligence, or (D)exterity?
You feel stronger.
You feel monstrous as your demonic heritage exerts itself.
Your demonic ancestry asserts itself...
Your toenails lengthen and sharpen.
Save game and exit? [Y]es or [N]o only, please.
Save game and exit? [Y]es or [N]o only, please.
Save game and exit?
Okay, then.
Are you sure you want to abandon this character and quit the game? (Confirm with "yes".)

.# ######## .# ###......#
## #...####.# #.#..†...#
#...####.#
##..####.########
#..............#
#.#########'##### #.#
##@†.≈# #.# #...≈##### #.#
########...≈#...## #.#
#.....##...≈#....## #
###.###.....##≈≈≈≈#.....##
#
#...........######'......#
# #.#.###.....#
#.........# # #.#.#
#.....# #.........# #
#.#.# ####### #........##


There were no monsters in sight!

Vanquished Creatures
  2 dart slugs (D:1)
  3 endoplasms (D:1)
  2 giant cockroaches (D:1)
  3 goblins (D:1)
  A hobgoblin (D:1)
  A quokka (D:1)
  4 ball pythons (D:1)
  4 bats (D:1)
  A frilled lizard (D:1)
  2 rats (D:1)
23 creatures vanquished.

Notes
Turn   | Place    | Note
-------+----------+-------------------------------------------
     0 | D:1      | siradein the Demonspawn Gladiator began the quest for the
                  | Orb.
     0 | D:1      | Reached XP level 1. HP: 16/16 MP: 1/1
    95 | D:1      | Reached skill level 3 in Polearms
   144 | D:1      | Gained mutation: You regenerate a little health from kills.
                  | [demonic ancestry]
   144 | D:1      | Reached XP level 2. HP: 22/22 MP: 2/2
   785 | D:1      | Gained mutation: You have sharp toenails. [demonic
                  | ancestry]
   785 | D:1      | Reached XP level 3. HP: 27/27 MP: 3/3
   785 | D:1      | Quit the game

Illustrated notes

Levels and vault maps discovered:
D:1:      mrwooster_arrival_statue_2, layout_loops_cross,
          chequers_serial_rivers_room_a

Skill      XL: |  1 |
---------------+----+-----
Polearms       | 3 |  3.8
Fighting       | |  2.0
Throwing       | |  1.7
Dodging        | |  2.6

Action                   || total
-------------------------++-------
Melee: Trident           ||    53
 Stab: Sleeping          ||     2
Armor: Leather armour    ||     8
Dodge: Dodged            ||    27

Table legend: (Time is in decaauts)
 A = Elapsed time spent in this place.
 B = Non-inter-level travel time spent in this place.
 C = Inter-level travel time spent in this place.
 D = Time resting spent in this place.
 E = Time spent auto-exploring this place.
 F = Levels seen in this place.
 G = Mean time per level.
                   A        B        C        D        E       F      G
               +--------+--------+--------+--------+--------+-----+--------+
         Total |    791 |    791 |      0 |      0 |    674 |   1 |  791.0 |
       Dungeon |    791 |    791 |      0 |      0 |    674 |   1 |  791.0 |
               +--------+--------+--------+--------+--------+-----+--------+

Top non-repeatable levels by time:
     D:1: 791 daAuts
